 Dungeon Crawl Stone Soup version 0.27.1-1-g398f81649c (webtiles) character file.

Game seed: 17569383151078435692

128 Elvor the Grasshopper (level 4, -4/37 HPs)
             Began as a Draconian Warper on Sept 8, 2021.
             Killed from afar by Sigmund (12 damage)
             ... with a puff of flame
             ... on level 2 of the Dungeon.
             The game lasted 00:14:13 (1822 turns).

Elvor the Grasshopper (Draconian Warper)            Turns: 1822, Time: 00:14:14

Health: -4/37      AC:  5    Str: 15    XL:     4   Next: 86%
Magic:  2/7        EV: 12    Int: 13    God:
Gold:   80         SH:  0    Dex: 10    Spells: 5/8 levels left

rFire    . . .     SeeInvis .   a - +0 mace
rCold    . . .     Faith    .   (no shield)
rNeg     . . .     Spirit   .   (armour unavailable)
rPois    .         Reflect  .   (helmet restricted)
rElec    .         Harm     .   (no cloak)
rCorr    .         Rampage  .   (no gloves)
Will     .....                  (no boots)
Stlth    +.........             (no amulet)
HPRegen  0.12/turn              (no ring)
MPRegen  0.10/turn              (no ring)

@: no status effects
A: AC +5, unfitting armour, cold-blooded
a: no special abilities


You were on level 2 of the Dungeon.
You visited 1 branch of the dungeon, and saw 2 of its levels.

You collected 80 gold pieces.

Inventory:

Hand Weapons
 a - a +0 mace (weapon)
 e - a +0 hunting sling
 j - a +3 dagger of electrocution
Missiles
 c - 5 boomerangs of dispersal
 f - 42 sling bullets
 g - 20 poisoned darts (quivered)
 h - 4 javelins
 k - 2 stones
Scrolls
 b - a scroll of blinking
Potions
 d - 2 potions of invisibility {unknown}
 i - a potion of heal wounds {unknown}


   Skills:
 + Level 2.7 Fighting
 + Level 2.8 Maces & Flails
 + Level 1.1 Throwing
 + Level 2.7 Dodging
 + Level 2.5 Spellcasting
 + Level 0.8 Conjurations
 + Level 3.4 Translocations
 + Level 1.4 Fire Magic


You had 5 spell levels left.
You knew the following spells:

 Your Spells              Type           Power      Damage    Failure   Level
a - Blink                 Tloc           N/A        N/A       9%          2
b - Foxfire               Conj/Fire      16%        2x1d4     16%         1

Your spell library contained the following spells:

 Spells                   Type           Power      Damage    Failure   Level
 Gell's Gravitas          Tloc           5%         N/A       19%         3
 Lesser Beckoning         Tloc           5%         N/A       19%         3
 Teleport Other           Tloc           10%        N/A       19%         3
 Conjure Flame            Conj/Fire      4%         6-21      41%         3
 Inner Flame              Hex/Fire       3%         N/A       47%         3
 Manifold Assault         Tloc           10%        N/A       86%         5


Dungeon Overview and Level Annotations

Branches:
Dungeon (2/15)

Altars:

Annotations:
D:2 Sigmund


Innate Abilities, Weirdness & Mutations

Your plain brown scales are hard. (AC +5)
You cannot fit into any form of body armour.
You are cold-blooded and may be slowed by cold attacks.


Message History

You kill the endoplasm!
The goblin shoots a stone.
The stone closely misses you.
The goblin shoots a stone.
The stone closely misses you.
Sigmund says, "Look into my eyes."
The goblin shoots a stone.
The stone barely misses you.
Throw: 12 darts (poison)
Press: ? - help, Q - select action, (/) - cycle Shift-Dir - straight line, f - Sigmund
Aim: Sigmund, wielding a +0 scythe and wearing a +2 robe of willpower (52% to hit)
You throw a poisoned dart. The poisoned dart hits Sigmund.
Sigmund is poisoned.
Sigmund casts a spell.
Sigmund flickers and vanishes!
Deactivating autopickup; reactivate with Ctrl-A.
Casting: Foxfire (safe; 16% risk of failure)
Confirm with . or Enter, or press ? or * to list all spells.
You conjure some foxfire!
The goblin shoots a stone.
The stone hits you.
Your foxfire dissipates!
The foxfire hits something.
The goblin shoots a stone.
The stone hits you. Something hits you.
* * * LOW HITPOINT WARNING * * *
The goblin shoots a stone.
The goblin shoots a stone.
The stone barely misses you. Something barely misses you.
The goblin shoots a stone.
The stone hits you.
* * * LOW HITPOINT WARNING * * *
Casting: Foxfire (safe; 16% risk of failure)
Confirm with . or Enter, or press ? or * to list all spells.
You blink.
The goblin shoots a stone.
The stone closely misses you.
The goblin shoots a stone.
The stone hits you but does no damage.
Casting: Blink (safe; 9% risk of failure)
Confirm with . or Enter, or press ? or * to list all spells.
You conjure some foxfire!
Your foxfire dissipates!
The foxfire hits the goblin.
You kill the goblin!
Found 9 poisoned darts.
You see here 9 poisoned darts.
g - 20 poisoned darts (gained 9)
A puff of flame appears from out of thin air!
The puff of flame hits you!
You die...

#............#..)..###..... ###
#..................'.'..... ..#
#..................###..... ..##
#............#.....# ##'###
...####.###.###..........# #.###
)..†<......................##.)..
......#.#.......##.#.......##.#..
...[..#.#.########.#.......##.#..
...#......#####.@..#.......##....
##.##.#...##.##.##.........#####.
##.†..#.#.##.##.##..>......# #.
#................[....##### #.
#.........##.{..###...# #<
.....g..#§##.....# ...# #.
........#....#...# #.
........)..###...# ##
#..........# #...# #.


There were no monsters in sight!

Vanquished Creatures
  A scorpion (D:2)
  2 adders (D:2)
  2 dart slugs (D:1)
  3 ball pythons
  5 endoplasms
  A giant cockroach (D:1)
  2 hobgoblins (D:1)
  3 jackals (D:1)
  3 kobolds
  A quokka (D:2)
  5 bats
  2 frilled lizards
  5 goblins
  8 rats
43 creatures vanquished.

Vanquished Creatures (others)
  57 foxfires
57 creatures vanquished.

Grand Total: 100 creatures vanquished

Notes
Turn   | Place    | Note
-------+----------+-------------------------------------------
     0 | D:1      | Elvor the Draconian Warper began the quest for the Orb.
     0 | D:1      | Reached XP level 1. HP: 17/17 MP: 3/3
    38 | D:1      | Found a faded altar of an unknown god.
   466 | D:1      | Reached XP level 2. HP: 24/24 MP: 5/5
   469 | D:1      | Learned a level 2 spell: Blink
   471 | D:1      | Learned a level 1 spell: Foxfire
  1130 | D:1      | Reached XP level 3. HP: 26/29 MP: 6/6
  1397 | D:2      | Noticed a scorpion
  1713 | D:2      | Killed a scorpion
  1714 | D:2      | Reached skill level 1 in Throwing
  1714 | D:2      | Reached skill level 1 in Fire Magic
  1714 | D:2      | Reached XP level 4. HP: 18/37 MP: 5/7
  1796 | D:2      | Noticed Sigmund
  1822 | D:2      | Killed from afar by Sigmund

Illustrated notes

Levels and vault maps discovered:
D:1:      tarquinn_simple_flora_water_a, layout_basic,
          hellmonk_ecumenical_altar_leap_of_faith
D:2:      layout_basic, uniq_sigmund

Skill      XL: |  1  2  3 |
---------------+----------+-----
Throwing       | 1 |  1.1
Fire Magic     | 1 |  1.4
Fighting       | |  2.7
Maces & Flails | |  2.8
Dodging        | |  2.7
Spellcasting   | |  2.5
Conjurations   | |  0.8
Translocations | |  3.4

Action                   |  1- 3 |  4- 6 || total
-------------------------+-------+-------++-------
Melee: Mace              |   106 |     1 ||   107
       Tailslap          |     8 |       ||     8
Throw: Dart              |     8 |     1 ||     9
 Cast: Foxfire           |    28 |     7 ||    35
       Blink             |       |     1 ||     1
  Use: Scroll            |     1 |       ||     1
Armor: Skin              |    65 |     2 ||    67
Dodge: Dodged            |   107 |     8 ||   115
